 Dungeon Crawl Stone Soup version 0.28-a0-479-g5baa6b73be (webtiles) character file.

Game seed: 14085893252138176303

102 siradein the Conjurer (level 4, -1/22 (24) HPs)
             Began as a Tengu Conjurer on Sept 18, 2021.
             Slain by an orc wizard (5 damage)
             ... on level 3 of the Dungeon.
             The game lasted 00:07:22 (2991 turns).

siradein the Conjurer (Tengu Conjurer)              Turns: 2991, Time: 00:07:22

HP:   -1/22 (24)    AC:  2    Str: 13    XL:     4   Next: 77%
MP:   1/9           EV: 13    Int: 20    God:
Gold: 96            SH:  0    Dex: 12    Spells: 3/9 levels left

rFire   . . .      SeeInvis .   p - +1 halberd (venom)
rCold   + . .      Faith    .   (shield currently unavailable)
rNeg    . . .      Spirit   .   a - +0 robe
rPois   .          Reflect  .   (helmet restricted)
rElec   .          Harm     .   (no cloak)
rCorr   .          Rampage  .   (no gloves)
Will    .....                   (boots unavailable)
Stlth   +.........              (no amulet)
HPRegen 0.07/turn               g - +6 ring of strength
MPRegen 0.11/turn               l - ring of protection from cold

@: confused, drained
A: beak, talons 3
a: no special abilities


You were on level 3 of the Dungeon.
You visited 1 branch of the dungeon, and saw 3 of its levels.

You collected 96 gold pieces.

Inventory:

Hand Weapons
 p - a +1 halberd of venom (weapon)
Missiles
 k - a throwing net
Armour
 a - a +0 robe (worn)
Jewellery
 g - a +6 ring of strength (left hand)
 l - a ring of protection from cold (right hand)
Wands
 i - a wand of digging (6)
 r - a wand of iceblast (11)
Scrolls
 c - a scroll of magic mapping {unknown}
 f - 4 scrolls of identify {unknown}
 j - 2 scrolls of brand weapon {unknown}
 s - a scroll of teleportation {unknown}
Potions
 b - a potion of ambrosia {unknown}
 d - a potion of mutation {unknown}
 e - a potion of berserk rage {unknown}
 h - a potion of heal wounds {unknown}
 m - a potion of resistance {unknown}
 n - a potion of degeneration {unknown}
 o - a potion of brilliance {unknown}
 q - a potion of curing {unknown}


   Skills:
 + Level 3.5 Dodging
 - Level 2.0 Stealth
 + Level 3.0 Spellcasting
 + Level 6.2 Conjurations


You had 3 spell levels left.
You knew the following spells:

 Your Spells              Type           Power      Damage    Failure   Level
a - Magic Dart            Conj           100%       1d8       1%          1
b - Searing Ray           Conj           56%        2d6       1%          2
c - Dazzling Flash        Conj/Hex       30%        N/A       12%         3

Your spell library contained the following spells:

 Spells                   Type           Power      Damage    Failure   Level
 Stone Arrow              Conj/Erth      30%        3d8       12%         3
 Sandblast                Erth           6%         2d5       14%         1
 Passwall                 Tmut/Erth      2%         N/A       22%         2
 Fulminant Prism          Conj/Hex       7%         3d7       36%         4
 Iskenderun's Mystic Bla  Conj/Tloc      15%        2d5       36%         4


Dungeon Overview and Level Annotations

Branches:
Dungeon (3/15)

Altars:
Elyvilon


Innate Abilities, Weirdness & Mutations

You have a beak for a mouth.
You have claws for feet.


Message History

The orc wizard flickers and vanishes!
Deactivating autopickup; reactivate with Ctrl-A.
The orc misses you.
The searing ray hits the orc but does no damage.
The orc is severely wounded.
The orc completely misses you.
The searing ray misses the orc.
The searing ray hits the orc!
You kill the orc!
The orc barely misses you.
The searing ray hits the orc.
You kill the orc!
You finish channelling your searing ray.
Casting: Searing Ray (safe; 1% risk of failure)
Confirm with . or Enter, or press ? or * to list all spells.
Aiming: Searing Ray (safe; 1% risk of failure)
Press: ? - help, Shift-Dir - straight line The searing ray hits something.
The searing ray hits the orc.
The orc is severely wounded. (Press . to maintain the ray.)
The orc shouts!
Something hits you.
You feel drained.
The searing ray hits something.
The searing ray hits the orc but does no damage.
The orc is severely wounded.
The searing ray hits the orc but does no damage.
Something hits you.
You feel drained.
You hear some strange, mumbled words.
You are confused.
You're too confused to move!
You bump into the rock wall.
You hear some strange, mumbled words.
A puff of flame appears from out of thin air!
The puff of flame hits you!
Ouch! That really hurt!
* * * LOW HITPOINT WARNING * * *
Unknown command.
Okay, then.
You're too confused to move!
Something barely misses you.
You miss something. Something hits you.
You die...

#. #..##.##..# #..##.###
##.##..##.##..## #.......##
....(..#.#.#...########.#.###..##
##.###..###...............# #.#.#
#. ##..#.#...##########.# #....
#. #o#.###.## #.....### #. #.#.#
### ......... #. #.#.#
#########.###..#.... ..####.#.#
#o{@......# #..#.##.
##......)####o######### #..#.#
..........o.)..# #
###.###.######## # #.. .o# ...#
##.. #.


You could see 2 orcs.

Vanquished Creatures
  A gnoll (D:2)
  An adder (D:2)
  A worm (D:2)
  5 dart slugs (D:1)
  3 orcs (D:3)
  3 bats
  8 endoplasms
  12 giant cockroaches
  3 goblins
  A hobgoblin (D:2)
  3 jackals
  3 quokkas (D:1)
  6 ball pythons
  2 frilled lizards
  4 kobolds
  4 rats
60 creatures vanquished.

Notes
Turn   | Place    | Note
-------+----------+-------------------------------------------
     0 | D:1      | siradein the Tengu Conjurer began the quest for the Orb.
     0 | D:1      | Reached XP level 1. HP: 10/10 MP: 4/4
   544 | D:1      | Reached XP level 2. HP: 15/15 MP: 0/6
   547 | D:1      | Learned a level 2 spell: Searing Ray
   973 | D:1      | Reached XP level 3. HP: 19/19 MP: 4/7
  1050 | D:1      | Learned a level 3 spell: Dazzling Flash
  1666 | D:2      | Found a white marble altar of Elyvilon.
  2092 | D:2      | Reached skill level 6 in Conjurations
  2095 | D:2      | Reached XP level 4. HP: 24/24 MP: 3/9
  2991 | D:3      | Slain by an orc wizard

Illustrated notes

Levels and vault maps discovered:
D:1:      dpeg_arrival_boxes_within_box, layout_basic,
          corexii_item_surrounded_by_moat, minmay_pentomino_q4
D:2:      minmay_roachtagon, layout_loops_ring, minivault_27,
          kennysheep_flooded_box, cheibrodos_gnoll_hut
D:3:      layout_loops_ring

Skill      XL: |  1  2  3  4 |
---------------+-------------+-----
Dodging        | 3 |  3.5
Conjurations   | 6 |  6.2
Spellcasting   | 3 |  3.0
Stealth        | |  2.0

Action                   |  1- 3 |  4- 6 || total
-------------------------+-------+-------++-------
Melee: Halberd           |       |     1 ||     1
       Unarmed           |       |     1 ||     1
 Cast: Magic Dart        |    71 |    17 ||    88
       Searing Ray       |     4 |     4 ||     8
Armor: Robe              |     4 |       ||     4
Dodge: Dodged            |     6 |    11 ||    17

Table legend: (Time is in decaauts)
 A = Elapsed time spent in this place.
 B = Non-inter-level travel time spent in this place.
 C = Inter-level travel time spent in this place.
 D = Time resting spent in this place.
 E = Time spent auto-exploring this place.
 F = Levels seen in this place.
 G = Mean time per level.
                   A        B        C        D        E       F      G
               +--------+--------+--------+--------+--------+-----+--------+
         Total |   2988 |   2930 |     58 |     72 |   2494 |   3 |  996.0 |
       Dungeon |   2988 |   2930 |     58 |     72 |   2494 |   3 |  996.0 |
               +--------+--------+--------+--------+--------+-----+--------+

Top non-repeatable levels by time:
     D:1: 1643 daAuts
     D:2: 1096 daAuts
     D:3: 248 daAuts
